%YAML 1.1
%TAG !u! tag:unity3d.com,2011:
--- !u!1 &3756275848320534853
GameObject:
  m_ObjectHideFlags: 0
  m_CorrespondingSourceObject: {fileID: 0}
  m_PrefabInstance: {fileID: 0}
  m_PrefabAsset: {fileID: 0}
  serializedVersion: 6
  m_Component:
  - component: {fileID: 3756275848320534852}
  m_Layer: 0
  m_Name: Fence1
  m_TagString: Untagged
  m_Icon: {fileID: 0}
  m_NavMeshLayer: 0
  m_StaticEditorFlags: 0
  m_IsActive: 1
--- !u!4 &3756275848320534852
Transform:
  m_ObjectHideFlags: 0
  m_CorrespondingSourceObject: {fileID: 0}
  m_PrefabInstance: {fileID: 0}
  m_PrefabAsset: {fileID: 0}
  m_GameObject: {fileID: 3756275848320534853}
  m_LocalRotation: {x: 0, y: 0, z: 0, w: 1}
  m_LocalPosition: {x: 44.23883, y: 25.190083, z: -12.770072}
  m_LocalScale: {x: 1, y: 1, z: 1}
  m_Children:
  - {fileID: 3756275848577100038}
  - {fileID: 3756275849396846924}
  - {fileID: 3756275849228762492}
  - {fileID: 3756275849444965551}
  - {fileID: 3756275848411093621}
  - {fileID: 3756275849653615745}
  - {fileID: 3756275849601940675}
  - {fileID: 3756275849071422185}
  m_Father: {fileID: 0}
  m_RootOrder: 0
  m_LocalEulerAnglesHint: {x: 0, y: 0, z: 0}
--- !u!1001 &3756275848410956021
PrefabInstance:
  m_ObjectHideFlags: 0
  serializedVersion: 2
  m_Modification:
    m_TransformParent: {fileID: 3756275848320534852}
    m_Modifications:
    - target: {fileID: 100000, guid: 99d052da6273a014895d3a53576730c8, type: 3}
      propertyPath: m_Name
      value: wood_log_04
      objectReference: {fileID: 0}
    - target: {fileID: 400000, guid: 99d052da6273a014895d3a53576730c8, type: 3}
      propertyPath: m_LocalPosition.x
      value: -0.278759
      objectReference: {fileID: 0}
    - target: {fileID: 400000, guid: 99d052da6273a014895d3a53576730c8, type: 3}
      propertyPath: m_LocalPosition.y
      value: -0.21898079
      objectReference: {fileID: 0}
    - target: {fileID: 400000, guid: 99d052da6273a014895d3a53576730c8, type: 3}
      propertyPath: m_LocalPosition.z
      value: 0.40923214
      objectReference: {fileID: 0}
    - target: {fileID: 400000, guid: 99d052da6273a014895d3a53576730c8, type: 3}
      propertyPath: m_LocalRotation.x
      value: -0
      objectReference: {fileID: 0}
    - target: {fileID: 400000, guid: 99d052da6273a014895d3a53576730c8, type: 3}
      propertyPath: m_LocalRotation.y
      value: -0
      objectReference: {fileID: 0}
    - target: {fileID: 400000, guid: 99d052da6273a014895d3a53576730c8, type: 3}
      propertyPath: m_LocalRotation.z
      value: -0
      objectReference: {fileID: 0}
    - target: {fileID: 400000, guid: 99d052da6273a014895d3a53576730c8, type: 3}
      propertyPath: m_LocalRotation.w
      value: 1
      objectReference: {fileID: 0}
    - target: {fileID: 400000, guid: 99d052da6273a014895d3a53576730c8, type: 3}
      propertyPath: m_RootOrder
      value: 4
      objectReference: {fileID: 0}
    - target: {fileID: 400000, guid: 99d052da6273a014895d3a53576730c8, type: 3}
      propertyPath: m_LocalEulerAnglesHint.x
      value: 0
      objectReference: {fileID: 0}
    - target: {fileID: 400000, guid: 99d052da6273a014895d3a53576730c8, type: 3}
      propertyPath: m_LocalEulerAnglesHint.y
      value: 0
      objectReference: {fileID: 0}
    - target: {fileID: 400000, guid: 99d052da6273a014895d3a53576730c8, type: 3}
      propertyPath: m_LocalEulerAnglesHint.z
      value: 0
      objectReference: {fileID: 0}
    m_RemovedComponents: []
  m_SourcePrefab: {fileID: 100100000, guid: 99d052da6273a014895d3a53576730c8, type: 3}
--- !u!4 &3756275848411093621 stripped
Transform:
  m_CorrespondingSourceObject: {fileID: 400000, guid: 99d052da6273a014895d3a53576730c8,
    type: 3}
  m_PrefabInstance: {fileID: 3756275848410956021}
  m_PrefabAsset: {fileID: 0}
--- !u!1001 &3756275848577495942
PrefabInstance:
  m_ObjectHideFlags: 0
  serializedVersion: 2
  m_Modification:
    m_TransformParent: {fileID: 3756275848320534852}
    m_Modifications:
    - target: {fileID: 100000, guid: 1789d8aed10232948afd54cad45a8211, type: 3}
      propertyPath: m_Name
      value: wood_log_01
      objectReference: {fileID: 0}
    - target: {fileID: 400000, guid: 1789d8aed10232948afd54cad45a8211, type: 3}
      propertyPath: m_LocalPosition.x
      value: 0.34716797
      objectReference: {fileID: 0}
    - target: {fileID: 400000, guid: 1789d8aed10232948afd54cad45a8211, type: 3}
      propertyPath: m_LocalPosition.y
      value: 0.11291695
      objectReference: {fileID: 0}
    - target: {fileID: 400000, guid: 1789d8aed10232948afd54cad45a8211, type: 3}
      propertyPath: m_LocalPosition.z
      value: -0.40292835
      objectReference: {fileID: 0}
    - target: {fileID: 400000, guid: 1789d8aed10232948afd54cad45a8211, type: 3}
      propertyPath: m_LocalRotation.x
      value: -0
      objectReference: {fileID: 0}
    - target: {fileID: 400000, guid: 1789d8aed10232948afd54cad45a8211, type: 3}
      propertyPath: m_LocalRotation.y
      value: 0.47161394
      objectReference: {fileID: 0}
    - target: {fileID: 400000, guid: 1789d8aed10232948afd54cad45a8211, type: 3}
      propertyPath: m_LocalRotation.z
      value: -0
      objectReference: {fileID: 0}
    - target: {fileID: 400000, guid: 1789d8aed10232948afd54cad45a8211, type: 3}
      propertyPath: m_LocalRotation.w
      value: 0.8818051
      objectReference: {fileID: 0}
    - target: {fileID: 400000, guid: 1789d8aed10232948afd54cad45a8211, type: 3}
      propertyPath: m_RootOrder
      value: 0
      objectReference: {fileID: 0}
    - target: {fileID: 400000, guid: 1789d8aed10232948afd54cad45a8211, type: 3}
      propertyPath: m_LocalEulerAnglesHint.x
      value: 0
      objectReference: {fileID: 0}
    - target: {fileID: 400000, guid: 1789d8aed10232948afd54cad45a8211, type: 3}
      propertyPath: m_LocalEulerAnglesHint.y
      value: 56.278004
      objectReference: {fileID: 0}
    - target: {fileID: 400000, guid: 1789d8aed10232948afd54cad45a8211, type: 3}
      propertyPath: m_LocalEulerAnglesHint.z
      value: 0
      objectReference: {fileID: 0}
    - target: {fileID: 400000, guid: 1789d8aed10232948afd54cad45a8211, type: 3}
      propertyPath: m_LocalScale.x
      value: 0.61459
      objectReference: {fileID: 0}
    - target: {fileID: 400000, guid: 1789d8aed10232948afd54cad45a8211, type: 3}
      propertyPath: m_LocalScale.y
      value: 0.61459
      objectReference: {fileID: 0}
    - target: {fileID: 400000, guid: 1789d8aed10232948afd54cad45a8211, type: 3}
      propertyPath: m_LocalScale.z
      value: 0.61459
      objectReference: {fileID: 0}
    m_RemovedComponents: []
  m_SourcePrefab: {fileID: 100100000, guid: 1789d8aed10232948afd54cad45a8211, type: 3}
--- !u!4 &3756275848577100038 stripped
Transform:
  m_CorrespondingSourceObject: {fileID: 400000, guid: 1789d8aed10232948afd54cad45a8211,
    type: 3}
  m_PrefabInstance: {fileID: 3756275848577495942}
  m_PrefabAsset: {fileID: 0}
--- !u!1001 &3756275849071030377
PrefabInstance:
  m_ObjectHideFlags: 0
  serializedVersion: 2
  m_Modification:
    m_TransformParent: {fileID: 3756275848320534852}
    m_Modifications:
    - target: {fileID: 100000, guid: 99d052da6273a014895d3a53576730c8, type: 3}
      propertyPath: m_Name
      value: wood_log_04 (3)
      objectReference: {fileID: 0}
    - target: {fileID: 400000, guid: 99d052da6273a014895d3a53576730c8, type: 3}
      propertyPath: m_LocalPosition.x
      value: -0.0748291
      objectReference: {fileID: 0}
    - target: {fileID: 400000, guid: 99d052da6273a014895d3a53576730c8, type: 3}
      propertyPath: m_LocalPosition.y
      value: 0.86891747
      objectReference: {fileID: 0}
    - target: {fileID: 400000, guid: 99d052da6273a014895d3a53576730c8, type: 3}
      propertyPath: m_LocalPosition.z
      value: 0.08907223
      objectReference: {fileID: 0}
    - target: {fileID: 400000, guid: 99d052da6273a014895d3a53576730c8, type: 3}
      propertyPath: m_LocalRotation.x
      value: -0
      objectReference: {fileID: 0}
    - target: {fileID: 400000, guid: 99d052da6273a014895d3a53576730c8, type: 3}
      propertyPath: m_LocalRotation.y
      value: -0
      objectReference: {fileID: 0}
    - target: {fileID: 400000, guid: 99d052da6273a014895d3a53576730c8, type: 3}
      propertyPath: m_LocalRotation.z
      value: 0.9961947
      objectReference: {fileID: 0}
    - target: {fileID: 400000, guid: 99d052da6273a014895d3a53576730c8, type: 3}
      propertyPath: m_LocalRotation.w
      value: 0.08715588
      objectReference: {fileID: 0}
    - target: {fileID: 400000, guid: 99d052da6273a014895d3a53576730c8, type: 3}
      propertyPath: m_RootOrder
      value: 7
      objectReference: {fileID: 0}
    - target: {fileID: 400000, guid: 99d052da6273a014895d3a53576730c8, type: 3}
      propertyPath: m_LocalEulerAnglesHint.x
      value: 0
      objectReference: {fileID: 0}
    - target: {fileID: 400000, guid: 99d052da6273a014895d3a53576730c8, type: 3}
      propertyPath: m_LocalEulerAnglesHint.y
      value: 0
      objectReference: {fileID: 0}
    - target: {fileID: 400000, guid: 99d052da6273a014895d3a53576730c8, type: 3}
      propertyPath: m_LocalEulerAnglesHint.z
      value: 170
      objectReference: {fileID: 0}
    m_RemovedComponents: []
  m_SourcePrefab: {fileID: 100100000, guid: 99d052da6273a014895d3a53576730c8, type: 3}
--- !u!4 &3756275849071422185 stripped
Transform:
  m_CorrespondingSourceObject: {fileID: 400000, guid: 99d052da6273a014895d3a53576730c8,
    type: 3}
  m_PrefabInstance: {fileID: 3756275849071030377}
  m_PrefabAsset: {fileID: 0}
--- !u!1001 &3756275849229150204
PrefabInstance:
  m_ObjectHideFlags: 0
  serializedVersion: 2
  m_Modification:
    m_TransformParent: {fileID: 3756275848320534852}
    m_Modifications:
    - target: {fileID: 100000, guid: 59907da9591e2aa4c98cc892559e3fad, type: 3}
      propertyPath: m_Name
      value: wood_log_03
      objectReference: {fileID: 0}
    - target: {fileID: 400000, guid: 59907da9591e2aa4c98cc892559e3fad, type: 3}
      propertyPath: m_LocalPosition.x
      value: 0.18516922
      objectReference: {fileID: 0}
    - target: {fileID: 400000, guid: 59907da9591e2aa4c98cc892559e3fad, type: 3}
      propertyPath: m_LocalPosition.y
      value: -0.27108192
      objectReference: {fileID: 0}
    - target: {fileID: 400000, guid: 59907da9591e2aa4c98cc892559e3fad, type: 3}
      propertyPath: m_LocalPosition.z
      value: -0.29392815
      objectReference: {fileID: 0}
    - target: {fileID: 400000, guid: 59907da9591e2aa4c98cc892559e3fad, type: 3}
      propertyPath: m_LocalRotation.x
      value: 0.026532525
      objectReference: {fileID: 0}
    - target: {fileID: 400000, guid: 59907da9591e2aa4c98cc892559e3fad, type: 3}
      propertyPath: m_LocalRotation.y
      value: 0.024725953
      objectReference: {fileID: 0}
    - target: {fileID: 400000, guid: 59907da9591e2aa4c98cc892559e3fad, type: 3}
      propertyPath: m_LocalRotation.z
      value: -0.6813135
      objectReference: {fileID: 0}
    - target: {fileID: 400000, guid: 59907da9591e2aa4c98cc892559e3fad, type: 3}
      propertyPath: m_LocalRotation.w
      value: 0.73109275
      objectReference: {fileID: 0}
    - target: {fileID: 400000, guid: 59907da9591e2aa4c98cc892559e3fad, type: 3}
      propertyPath: m_RootOrder
      value: 2
      objectReference: {fileID: 0}
    - target: {fileID: 400000, guid: 59907da9591e2aa4c98cc892559e3fad, type: 3}
      propertyPath: m_LocalEulerAnglesHint.x
      value: 4.157
      objectReference: {fileID: 0}
    - target: {fileID: 400000, guid: 59907da9591e2aa4c98cc892559e3fad, type: 3}
      propertyPath: m_LocalEulerAnglesHint.y
      value: 0
      objectReference: {fileID: 0}
    - target: {fileID: 400000, guid: 59907da9591e2aa4c98cc892559e3fad, type: 3}
      propertyPath: m_LocalEulerAnglesHint.z
      value: -85.963005
      objectReference: {fileID: 0}
    m_RemovedComponents: []
  m_SourcePrefab: {fileID: 100100000, guid: 59907da9591e2aa4c98cc892559e3fad, type: 3}
--- !u!4 &3756275849228762492 stripped
Transform:
  m_CorrespondingSourceObject: {fileID: 400000, guid: 59907da9591e2aa4c98cc892559e3fad,
    type: 3}
  m_PrefabInstance: {fileID: 3756275849229150204}
  m_PrefabAsset: {fileID: 0}
--- !u!1001 &3756275849396722636
PrefabInstance:
  m_ObjectHideFlags: 0
  serializedVersion: 2
  m_Modification:
    m_TransformParent: {fileID: 3756275848320534852}
    m_Modifications:
    - target: {fileID: 100000, guid: 99d052da6273a014895d3a53576730c8, type: 3}
      propertyPath: m_Name
      value: wood_log_04 (2)
      objectReference: {fileID: 0}
    - target: {fileID: 400000, guid: 99d052da6273a014895d3a53576730c8, type: 3}
      propertyPath: m_LocalPosition.x
      value: 0.45417023
      objectReference: {fileID: 0}
    - target: {fileID: 400000, guid: 99d052da6273a014895d3a53576730c8, type: 3}
      propertyPath: m_LocalPosition.y
      value: -0.27464676
      objectReference: {fileID: 0}
    - target: {fileID: 400000, guid: 99d052da6273a014895d3a53576730c8, type: 3}
      propertyPath: m_LocalPosition.z
      value: -0.7309284
      objectReference: {fileID: 0}
    - target: {fileID: 400000, guid: 99d052da6273a014895d3a53576730c8, type: 3}
      propertyPath: m_LocalRotation.x
      value: -0.002157018
      objectReference: {fileID: 0}
    - target: {fileID: 400000, guid: 99d052da6273a014895d3a53576730c8, type: 3}
      propertyPath: m_LocalRotation.y
      value: 0.075004406
      objectReference: {fileID: 0}
    - target: {fileID: 400000, guid: 99d052da6273a014895d3a53576730c8, type: 3}
      propertyPath: m_LocalRotation.z
      value: 0.016494561
      objectReference: {fileID: 0}
    - target: {fileID: 400000, guid: 99d052da6273a014895d3a53576730c8, type: 3}
      propertyPath: m_LocalRotation.w
      value: -0.99704444
      objectReference: {fileID: 0}
    - target: {fileID: 400000, guid: 99d052da6273a014895d3a53576730c8, type: 3}
      propertyPath: m_RootOrder
      value: 1
      objectReference: {fileID: 0}
    - target: {fileID: 400000, guid: 99d052da6273a014895d3a53576730c8, type: 3}
      propertyPath: m_LocalEulerAnglesHint.x
      value: 0.105000004
      objectReference: {fileID: 0}
    - target: {fileID: 400000, guid: 99d052da6273a014895d3a53576730c8, type: 3}
      propertyPath: m_LocalEulerAnglesHint.y
      value: -368.606
      objectReference: {fileID: 0}
    - target: {fileID: 400000, guid: 99d052da6273a014895d3a53576730c8, type: 3}
      propertyPath: m_LocalEulerAnglesHint.z
      value: -1.9030001
      objectReference: {fileID: 0}
    m_RemovedComponents: []
  m_SourcePrefab: {fileID: 100100000, guid: 99d052da6273a014895d3a53576730c8, type: 3}
--- !u!4 &3756275849396846924 stripped
Transform:
  m_CorrespondingSourceObject: {fileID: 400000, guid: 99d052da6273a014895d3a53576730c8,
    type: 3}
  m_PrefabInstance: {fileID: 3756275849396722636}
  m_PrefabAsset: {fileID: 0}
--- !u!1001 &3756275849445090863
PrefabInstance:
  m_ObjectHideFlags: 0
  serializedVersion: 2
  m_Modification:
    m_TransformParent: {fileID: 3756275848320534852}
    m_Modifications:
    - target: {fileID: 100000, guid: ffe6e65345571c845bc08dcec15f6826, type: 3}
      propertyPath: m_Name
      value: wood_log_02
      objectReference: {fileID: 0}
    - target: {fileID: 400000, guid: ffe6e65345571c845bc08dcec15f6826, type: 3}
      propertyPath: m_LocalPosition.x
      value: -0.2908287
      objectReference: {fileID: 0}
    - target: {fileID: 400000, guid: ffe6e65345571c845bc08dcec15f6826, type: 3}
      propertyPath: m_LocalPosition.y
      value: 0.7709179
      objectReference: {fileID: 0}
    - target: {fileID: 400000, guid: ffe6e65345571c845bc08dcec15f6826, type: 3}
      propertyPath: m_LocalPosition.z
      value: 0.55907154
      objectReference: {fileID: 0}
    - target: {fileID: 400000, guid: ffe6e65345571c845bc08dcec15f6826, type: 3}
      propertyPath: m_LocalRotation.x
      value: -0
      objectReference: {fileID: 0}
    - target: {fileID: 400000, guid: ffe6e65345571c845bc08dcec15f6826, type: 3}
      propertyPath: m_LocalRotation.y
      value: 0.47455883
      objectReference: {fileID: 0}
    - target: {fileID: 400000, guid: ffe6e65345571c845bc08dcec15f6826, type: 3}
      propertyPath: m_LocalRotation.z
      value: -0
      objectReference: {fileID: 0}
    - target: {fileID: 400000, guid: ffe6e65345571c845bc08dcec15f6826, type: 3}
      propertyPath: m_LocalRotation.w
      value: 0.8802238
      objectReference: {fileID: 0}
    - target: {fileID: 400000, guid: ffe6e65345571c845bc08dcec15f6826, type: 3}
      propertyPath: m_RootOrder
      value: 3
      objectReference: {fileID: 0}
    - target: {fileID: 400000, guid: ffe6e65345571c845bc08dcec15f6826, type: 3}
      propertyPath: m_LocalEulerAnglesHint.x
      value: 0
      objectReference: {fileID: 0}
    - target: {fileID: 400000, guid: ffe6e65345571c845bc08dcec15f6826, type: 3}
      propertyPath: m_LocalEulerAnglesHint.y
      value: 56.661003
      objectReference: {fileID: 0}
    - target: {fileID: 400000, guid: ffe6e65345571c845bc08dcec15f6826, type: 3}
      propertyPath: m_LocalEulerAnglesHint.z
      value: 0
      objectReference: {fileID: 0}
    m_RemovedComponents: []
  m_SourcePrefab: {fileID: 100100000, guid: ffe6e65345571c845bc08dcec15f6826, type: 3}
--- !u!4 &3756275849444965551 stripped
Transform:
  m_CorrespondingSourceObject: {fileID: 400000, guid: ffe6e65345571c845bc08dcec15f6826,
    type: 3}
  m_PrefabInstance: {fileID: 3756275849445090863}
  m_PrefabAsset: {fileID: 0}
--- !u!1001 &3756275849601541699
PrefabInstance:
  m_ObjectHideFlags: 0
  serializedVersion: 2
  m_Modification:
    m_TransformParent: {fileID: 3756275848320534852}
    m_Modifications:
    - target: {fileID: 100000, guid: 59907da9591e2aa4c98cc892559e3fad, type: 3}
      propertyPath: m_Name
      value: wood_log_03 (1)
      objectReference: {fileID: 0}
    - target: {fileID: 400000, guid: 59907da9591e2aa4c98cc892559e3fad, type: 3}
      propertyPath: m_LocalPosition.x
      value: 0.26316833
      objectReference: {fileID: 0}
    - target: {fileID: 400000, guid: 59907da9591e2aa4c98cc892559e3fad, type: 3}
      propertyPath: m_LocalPosition.y
      value: 0.874918
      objectReference: {fileID: 0}
    - target: {fileID: 400000, guid: 59907da9591e2aa4c98cc892559e3fad, type: 3}
      propertyPath: m_LocalPosition.z
      value: -0.46292782
      objectReference: {fileID: 0}
    - target: {fileID: 400000, guid: 59907da9591e2aa4c98cc892559e3fad, type: 3}
      propertyPath: m_LocalRotation.x
      value: 0.008729978
      objectReference: {fileID: 0}
    - target: {fileID: 400000, guid: 59907da9591e2aa4c98cc892559e3fad, type: 3}
      propertyPath: m_LocalRotation.y
      value: -0.008246404
      objectReference: {fileID: 0}
    - target: {fileID: 400000, guid: 59907da9591e2aa4c98cc892559e3fad, type: 3}
      propertyPath: m_LocalRotation.z
      value: -0.7824886
      objectReference: {fileID: 0}
    - target: {fileID: 400000, guid: 59907da9591e2aa4c98cc892559e3fad, type: 3}
      propertyPath: m_LocalRotation.w
      value: -0.6225492
      objectReference: {fileID: 0}
    - target: {fileID: 400000, guid: 59907da9591e2aa4c98cc892559e3fad, type: 3}
      propertyPath: m_RootOrder
      value: 6
      objectReference: {fileID: 0}
    - target: {fileID: 400000, guid: 59907da9591e2aa4c98cc892559e3fad, type: 3}
      propertyPath: m_LocalEulerAnglesHint.x
      value: -1.3620001
      objectReference: {fileID: 0}
    - target: {fileID: 400000, guid: 59907da9591e2aa4c98cc892559e3fad, type: 3}
      propertyPath: m_LocalEulerAnglesHint.y
      value: -0.19500001
      objectReference: {fileID: 0}
    - target: {fileID: 400000, guid: 59907da9591e2aa4c98cc892559e3fad, type: 3}
      propertyPath: m_LocalEulerAnglesHint.z
      value: -257.009
      objectReference: {fileID: 0}
    m_RemovedComponents: []
  m_SourcePrefab: {fileID: 100100000, guid: 59907da9591e2aa4c98cc892559e3fad, type: 3}
--- !u!4 &3756275849601940675 stripped
Transform:
  m_CorrespondingSourceObject: {fileID: 400000, guid: 59907da9591e2aa4c98cc892559e3fad,
    type: 3}
  m_PrefabInstance: {fileID: 3756275849601541699}
  m_PrefabAsset: {fileID: 0}
--- !u!1001 &3756275849653741057
PrefabInstance:
  m_ObjectHideFlags: 0
  serializedVersion: 2
  m_Modification:
    m_TransformParent: {fileID: 3756275848320534852}
    m_Modifications:
    - target: {fileID: 100000, guid: 99d052da6273a014895d3a53576730c8, type: 3}
      propertyPath: m_Name
      value: wood_log_04 (1)
      objectReference: {fileID: 0}
    - target: {fileID: 400000, guid: 99d052da6273a014895d3a53576730c8, type: 3}
      propertyPath: m_LocalPosition.x
      value: 0.7171707
      objectReference: {fileID: 0}
    - target: {fileID: 400000, guid: 99d052da6273a014895d3a53576730c8, type: 3}
      propertyPath: m_LocalPosition.y
      value: -0.32808304
      objectReference: {fileID: 0}
    - target: {fileID: 400000, guid: 99d052da6273a014895d3a53576730c8, type: 3}
      propertyPath: m_LocalPosition.z
      value: -1.1089277
      objectReference: {fileID: 0}
    - target: {fileID: 400000, guid: 99d052da6273a014895d3a53576730c8, type: 3}
      propertyPath: m_LocalRotation.x
      value: -0
      objectReference: {fileID: 0}
    - target: {fileID: 400000, guid: 99d052da6273a014895d3a53576730c8, type: 3}
      propertyPath: m_LocalRotation.y
      value: -0.87724125
      objectReference: {fileID: 0}
    - target: {fileID: 400000, guid: 99d052da6273a014895d3a53576730c8, type: 3}
      propertyPath: m_LocalRotation.z
      value: -0
      objectReference: {fileID: 0}
    - target: {fileID: 400000, guid: 99d052da6273a014895d3a53576730c8, type: 3}
      propertyPath: m_LocalRotation.w
      value: 0.48004973
      objectReference: {fileID: 0}
    - target: {fileID: 400000, guid: 99d052da6273a014895d3a53576730c8, type: 3}
      propertyPath: m_RootOrder
      value: 5
      objectReference: {fileID: 0}
    - target: {fileID: 400000, guid: 99d052da6273a014895d3a53576730c8, type: 3}
      propertyPath: m_LocalEulerAnglesHint.x
      value: 0
      objectReference: {fileID: 0}
    - target: {fileID: 400000, guid: 99d052da6273a014895d3a53576730c8, type: 3}
      propertyPath: m_LocalEulerAnglesHint.y
      value: -122.62301
      objectReference: {fileID: 0}
    - target: {fileID: 400000, guid: 99d052da6273a014895d3a53576730c8, type: 3}
      propertyPath: m_LocalEulerAnglesHint.z
      value: 0
      objectReference: {fileID: 0}
    m_RemovedComponents: []
  m_SourcePrefab: {fileID: 100100000, guid: 99d052da6273a014895d3a53576730c8, type: 3}
--- !u!4 &3756275849653615745 stripped
Transform:
  m_CorrespondingSourceObject: {fileID: 400000, guid: 99d052da6273a014895d3a53576730c8,
    type: 3}
  m_PrefabInstance: {fileID: 3756275849653741057}
  m_PrefabAsset: {fileID: 0}
